 Dungeon Crawl Stone Soup version 0.28-a0-8-g6e044cf (webtiles) character file.

Game seed: 16184799539555248316

126 MrTaco21 the Cudgeller (level 5, -4/32 HPs)
             Began as a Gargoyle Fighter on July 24, 2021.
             Slain by Sigmund (10 damage)
             ... on level 2 of the Dungeon.
             The game lasted 00:03:02 (2379 turns).

MrTaco21 the Cudgeller (Gargoyle Fighter)           Turns: 2379, Time: 00:03:03

Health: -4/32      AC: 12    Str: 21    XL:     5   Next: 10%
Magic:  5/5        EV:  7    Int:  8    God:
Gold:   87         SH:  9    Dex:  9    Spells: 4/4 levels left

rFire   . . .      SeeInvis .   a - +0 flail
rCold   . . .      Faith    .   c - +0 kite shield
rNeg    + . .      Spirit   .   b - +0 scale mail
rPois   ∞          Reflect  .   (no helmet)
rElec   +          Harm     .   (no cloak)
rCorr   .          Rampage  .   (no gloves)
Will    .....                   e - +0 pair of boots
Stlth   ..........              (no amulet)
HPRegen 0.10/turn               (no ring)
MPRegen 0.09/turn               (no ring)

@: no status effects
A: sickness immunity, AC +4, negative energy resistance 1, electricity
resistance, torment resistance 1, petrification resistance
a: no special abilities


You were on level 2 of the Dungeon.
You visited 1 branch of the dungeon, and saw 2 of its levels.

You collected 87 gold pieces.

Inventory:

Hand Weapons
 a - a +0 flail (weapon)
Armour
 b - a +0 scale mail (worn)
 c - a +0 kite shield (worn)
 e - a +0 pair of boots (worn)
   (You found it on level 1 of the Dungeon)
Jewellery
 l - a ring of ice
   (You found it on level 2 of the Dungeon)
Scrolls
 f - 3 scrolls of silence {unknown}
 h - a scroll of immolation {unknown}
 j - a scroll of enchant weapon {unknown}
 m - a scroll of teleportation {unknown}
 n - a scroll of summoning {unknown}
Potions
 d - 3 potions of might
 g - a potion of haste {unknown}
 i - 2 potions of invisibility {unknown}
 k - a potion of magic {unknown}


   Skills:
 - Level 3.2 Fighting
 + Level 5.1 Maces & Flails
 - Level 3.2 Armour
 - Level 3.2 Shields


You had 4 spell levels left.
You didn't know any spells.
Your spell library was empty.

Dungeon Overview and Level Annotations

Branches:
Dungeon (2/15)

Altars:

Annotations:
D:2 Sigmund


Innate Abilities, Weirdness & Mutations

You are immune to sickness and miasma.
Your stone body is resilient. (AC +4)
You are immune to poison.
You resist negative energy. (rN+)
You are resistant to electric shocks. (rElec)
You are resistant to unholy torment.
You are immune to petrification.


Message History

You block the orc's attack.
Sigmund gestures wildly while chanting.
Sigmund flickers and vanishes!
There is a stone staircase leading up here.
You climb upwards.
Reactivating autopickup.
There is a stone staircase leading down here.
You hit the orc but do no damage. The orc barely misses you.
The orc hits you but does no damage.
You thump the orc!
You kill the orc!
Things that are here:
a +0 hand axe; a +0 leather armour You start resting.
There is a stone staircase leading down here.
You climb downwards.
Level annotation: Sigmund
There is a stone staircase leading up here.
Sigmund hits you but does no damage.
You hit Sigmund but do no damage. You block Sigmund's attack.
Sigmund barely misses you.
You hit Sigmund but do no damage. Sigmund hits you but does no damage.
Your scale mail prevents you from hitting Sigmund.
Sigmund casts a spell at you.
The magic dart hits you but does no damage.
Sigmund barely misses you.
You hit Sigmund. Sigmund casts a spell at you. The magic dart hits you!
You hit Sigmund. Sigmund barely misses you.
You closely miss Sigmund.
Sigmund hits you with a +2 vorpal scythe. x2
* * * LOW HITPOINT WARNING * * *
You hit Sigmund but do no damage.
Sigmund hits you with a +2 vorpal scythe.
* * * LOW HITPOINT WARNING * * *
* * * LOW HITPOINT WARNING * * *
You hit Sigmund.
Sigmund hits you with a +2 vorpal scythe.
* * * LOW HITPOINT WARNING * * *
* * * LOW HITPOINT WARNING * * *
Sigmund barely misses you.
You sock Sigmund! Sigmund hits you but does no damage.
You barely miss Sigmund. Sigmund casts a spell at you.
You resist with some effort.
Unknown command.
You hit Sigmund. Sigmund closely misses you.
Sigmund hits you with a +2 vorpal scythe!
You die...

#.##.....# #.##.# #.##.....#
#>##.# #.##.....# #.##.#
#.##.....####.##.#
#.#'......##...#.#
#.##......##.#.#.#
#..............#.####
#..###.#.....#<.....# ### ###..#
#.#.##.##@..##.# #.# .....#
#.#.##.##@..##.######.####
####.###.#.##.....>..............
#......#.##.##..###.###....####
##..............###.....##.....
######..............#..##.###.
##.###.##..####.#.........
#...........# #...(....##.
##.........## #...###..##.


You could see Sigmund.

Vanquished Creatures
  An orc priest (D:2)
  2 adders (D:2)
  4 dart slugs
  4 orcs
  A bat (D:1)
  4 endoplasms
  2 giant cockroaches (D:2)
  4 goblins
  3 hobgoblins
  17 jackals
  3 kobolds
  2 quokkas (D:2)
  4 ball pythons
  3 frilled lizards (D:1)
  6 rats
60 creatures vanquished.

Notes
Turn   | Place    | Note
-------+----------+-------------------------------------------
     0 | D:1      | MrTaco21 the Gargoyle Fighter began the quest for the Orb.
     0 | D:1      | Reached XP level 1. HP: 14/14 MP: 1/1
   133 | D:1      | Reached XP level 2. HP: 14/19 MP: 2/2
   432 | D:1      | Reached skill level 3 in Maces & Flails
   739 | D:1      | Reached XP level 3. HP: 23/23 MP: 3/3
   815 | D:1      | Found a faded altar of an unknown god.
  1480 | D:2      | Noticed Sigmund
  1707 | D:2      | Reached skill level 4 in Maces & Flails
  1722 | D:2      | Reached XP level 4. HP: 28/28 MP: 4/4
  2229 | D:2      | Reached skill level 5 in Maces & Flails
  2229 | D:2      | Reached XP level 5. HP: 18/32 MP: 5/5
  2379 | D:2      | Slain by Sigmund

Illustrated notes

Levels and vault maps discovered:
D:1:      scummos_arrival_simple_crosswalls, layout_basic,
          hellmonk_ecumenical_altar_leap_of_faith
D:2:      layout_basic, minmay_misc_feat_tiny, uniq_sigmund

Skill      XL: |  1  2  3  4 |
---------------+-------------+-----
Maces & Flails | 3 4 5 |  5.1
Fighting       | |  3.2
Armour         | |  3.2
Shields        | |  3.2

Action                   |  1- 3 |  4- 6 || total
-------------------------+-------+-------++-------
Melee: Flail             |   114 |    77 ||   191
Armor: Scale mail        |    85 |    37 ||   122
Dodge: Dodged            |    58 |    24 ||    82
Block: Kite shield       |    74 |    40 ||   114

Table legend: (Time is in decaauts)
 A = Elapsed time spent in this place.
 B = Non-inter-level travel time spent in this place.
 C = Inter-level travel time spent in this place.
 D = Time resting spent in this place.
 E = Time spent auto-exploring this place.
 F = Levels seen in this place.
 G = Mean time per level.
                   A        B        C        D        E       F      G
               +--------+--------+--------+--------+--------+-----+--------+
         Total |   2468 |   2388 |     80 |    764 |   1145 |   2 | 1234.0 |
       Dungeon |   2468 |   2388 |     80 |    764 |   1145 |   2 | 1234.0 |
               +--------+--------+--------+--------+--------+-----+--------+

Top non-repeatable levels by time:
     D:1: 1774 daAuts
     D:2: 694 daAuts
